Unix NetHack Version 5.0.0-0 post-release - last build May  4 2026 22:22:43 (774f63e81ad911689b3a0859ea89b322d5daca8d,branch:main).

Game began 2026-05-07 04:53:31, ended 2026-05-07 16:54:44.

Anwyn, lawful female human Knight

  ------
  |._..-#                                  --------
  |.<..|##                              ###......)|
  --+--- ####                ############  |.......#####
            #             ####           ##.......|    #
            ######    ####0              # --------    #
                 ##   #                ###             #
                  # ###   #            #               d      ##
                  # #-----.----        #               @   ----.-    ------
                  #  |........|    ##[##               #   |....|    |....|
                  ###-........|   ##                   ####-....|    |....|
                     |........-###%                        |....| ###-....|
                     |........|                            |....|##  |....|
                     |........|                            |.....#   ------
                     |........|                            ------
                     ----------

Anwyn the Esquire        St:15 Dx:8 Co:13 In:8 Wi:16 Ch:17  Lawful
Dlvl:8  $:176 HP:0(36) Pw:50(50) AC:2  Xp:5 T:4447  Burdened

Latest messages:
 The saddled warhorse misses it.
 The saddled warhorse misses it.
 The werewolf starts to attack you, but pulls back.
 The saddled warhorse hits it.
 The saddled warhorse misses it.
 The saddled warhorse misses it.
 The saddled warhorse bites it.
 It misses the saddled warhorse.
 The werewolf starts to attack you, but pulls back.
 The saddled warhorse misses it.
 The saddled warhorse misses it.
 The saddled warhorse hits it.
 The saddled warhorse misses it.
 You finish your prayer.
 You feel that Lugh is well-pleased.
 You feel much better.
 You hit the werewolf!
 The werewolf summons help!
 You feel hemmed in.
 The werewolf bites!
 The saddled warhorse misses it.
 The saddled warhorse misses it.
 The saddled warhorse hits it.
 The saddled warhorse bites it.
 It misses the saddled warhorse.
 The werewolf changes into a human.
 You hit the werewolf.
 The werewolf changes into a wolf.
 The werewolf bites!
 The saddled warhorse misses it.
 The saddled warhorse bites it.
 It misses the saddled warhorse.
 The saddled warhorse drops a partly eaten black unicorn corpse.
 The saddled warhorse hits it.
 The saddled warhorse misses it.
 The werewolf bites!
 The saddled warhorse picks up a partly eaten black unicorn corpse.
 The saddled warhorse misses it.
 The saddled warhorse bites it.
 You hit the werewolf!
 The werewolf bites!
 You hear some noises.
 You miss the werewolf.
 The werewolf bites!
 You die...
 Do you want your possessions identified? [ynq] (y)
 Do you want to see your attributes? [ynq] (y)
 Do you want an account of creatures vanquished? [ynaq] (y)
 Do you want to see your conduct and achievements? [ynq] (y)
 Do you want to see the dungeon overview? [ynq] (y)

Inventory:
 Coins    ('$')
  $ - 176 gold pieces
 Weapons  (')')
  y - a +0 orcish dagger
  a - a +1 long sword (weapon in left hand)
 Armor    ('[')
  d - an uncursed +0 helmet (being worn)
  f - an uncursed +0 pair of leather gloves (being worn)
  v - an uncursed +0 pair of kicking boots (being worn)
  e - an uncursed +0 small shield (being worn)
  n - a cursed -1 cloak of protection named cursed
  c - an uncursed +1 ring mail (being worn)
 Comestibles  ('%')
  E - 6 uncursed carrots
  r - an uncursed lizard corpse
 Scrolls  ('?')
  J - an uncursed scroll of amnesia
  b - a blessed scroll of blank paper
  M - an uncursed scroll of blank paper
  o - an uncursed scroll of create monster
  q - an uncursed scroll of fire
  C - a blessed scroll of light
  B - an uncursed scroll of remove curse
 Potions  ('!')
  x - an uncursed potion of booze
  O - an uncursed potion of fruit juice
  i - 2 uncursed potions of healing
  F - 2 uncursed potions of object detection
  k - a cursed potion of speed
  S - an uncursed potion of water
 Rings    ('=')
  p - a cursed ring of aggravate monster named pc
  z - an uncursed ring of shock resistance named pc
  H - a cursed ring of sustain ability
 Wands    ('/')
  l - a wand of sleep (0:6)
  A - a wand of teleportation (0:0)
 Tools    ('(')
  K - an uncursed sack containing 1 item
  R - an uncursed leather drum
  X - an uncursed brass lantern
  W - an uncursed magic whistle
  t - an uncursed mirror
  s - a cursed towel
  h - a +0 unicorn horn
 Gems/Stones  ('*')
  w - an uncursed worthless piece of green glass
  G - 2 uncursed worthless pieces of red glass
  N - an uncursed worthless piece of yellow glass
  u - an uncursed touchstone

Contents of the sack:
  an uncursed ring of polymorph control

Anwyn the Knight's attributes:

Background:
 You were an Esquire, a level 5 female human Knight.
 You were lawful, on a mission for Lugh
 who was opposed by Brigit (neutral) and Manannan Mac Lir (chaotic).
 You were left-handed.
 You were in the Dungeons of Doom, on level 8.
 You entered the dungeon 4447 turns ago.
 You had 291 experience points, 29 more were needed to attain level 6.

Basics:
 You had 0 out of 36 hit points.
 You had all 50 energy points (spell power).
 Your armor class was 2.
 Your wallet contained 176 zorkmids.
 Autopickup was on for '$"?!=/' plus thrown.

Final Characteristics:
 Your strength was 15 (limit:18/100).
 Your dexterity was 8 (limit:18).
 Your constitution was 13 (limit:18).
 Your intelligence was 8 (limit:18).
 Your wisdom was 16 (limit:18).
 Your charisma was 17 (limit:18).

Final Status:
 You weren't hungry.
 You were burdened; movement was slightly slowed.
 You were wielding a long sword.
 You were skilled in long sword.

Final Attributes:
 You were piously aligned.
 You could jump.
 You were warded.
 You are dead.

Miscellaneous:
 You encountered 1 bones level.
 Total elapsed playing time was 2 hours, 14 minutes and 14 seconds.

Major events:
 Turn
    1: Anwyn the lawful female human Knight entered the dungeon
  941: attained the rank of Esquire (level 3)
 1486: entered the Gnomish Mines
 4447: killed by a werewolf

You didn't know any spells.

Skills:
 Fighting Skills
   bare handed combat [Unskilled]
   two weapon combat  [Unskilled]
   riding             [Basic]
 Weapon Skills
   dagger             [Unskilled]
   knife              [Unskilled]
   axe                [Unskilled]
   pick-axe           [Unskilled]
   short sword        [Unskilled]
   broadsword         [Unskilled]
   long sword         [Skilled]
   two-handed sword   [Unskilled]
   saber              [Unskilled]
   club               [Unskilled]
   mace               [Unskilled]
   morning star       [Unskilled]
   flail              [Unskilled]
   hammer             [Unskilled]
   polearms           [Unskilled]
   spear              [Unskilled]
   trident            [Unskilled]
   lance              [Basic]
   bow                [Unskilled]
   crossbow           [Unskilled]
 Spellcasting Skills
   attack spells      [Unskilled]
   healing spells     [Unskilled]
   clerical spells    [Unskilled]

Voluntary challenges:
 Character rerolling was not enabled.
 You never genocided any monsters.
 You never polymorphed an object.
 You never changed form.
 You used no wishes.
Achievements:
 You entered a shop.
 You attained the rank of Esquire.
 You entered the Gnomish Mines.

 The Dungeons of Doom: levels 1 to 8
    Level 1:
       A fountain.
    Level 2: "locked box"
       A general store, a fountain.
    Level 3: "lock box, ghost"
       A sink.
       Stairs down to The Gnomish Mines.
    Level 4:
       A fountain.
    Level 5:
       A fountain, a sink.
    Level 6: "2 locked boxes, vault"
    Level 7:
       Final resting place for
          DaveT-Pri-Hum-Mal-Law, killed by a Green-elf,
          merpish-Val-Hum-Fem-Law, killed by a human mummy, while frozen by a potion.
    Level 8: <- You were here.
       An altar.
       Final resting place for
          you, killed by a werewolf.
 The Gnomish Mines:
    Level 4:


Vanquished creatures:
  a wolf
 an orc mummy
  a Green-elf
  a lizard
  a black unicorn
  a wood nymph
  a gnome leader
  a gnomish wizard
  2 elf zombies
  a ghoul
  a straw golem
  3 giant ants
  2 homunculi
  2 hill orcs
  a monkey
  2 dwarf zombies
 an iguana
  2 acid blobs
  4 coyotes
  a hobgoblin
  6 giant rats
  a cave spider
  a yellow mold
  5 garter snakes
  a gecko
  8 jackals
  2 foxes
  2 kobolds
  3 goblins
  4 sewer rats
  8 grid bugs
  3 lichens
  2 kobold zombies
  9 newts
85 creatures vanquished.

No species were genocided or became extinct.

Game over:
                       ----------
                      /          \
                     /    REST    \
                    /      IN      \
                   /     PEACE      \
                  /                  \
                  |      Anwyn       |
                  |      176 Au      |
                  |   killed by a    |
                  |     werewolf     |
                  |                  |
                  |                  |
                  |       2026       |
                 *|     *  *  *      | *
        _________)/\\_//(\/(/\)/\//\/|_)_______

Fare thee well Anwyn the Knight...

You died in The Dungeons of Doom on dungeon level 8 with 1683 points,
and 176 pieces of gold, after 4447 moves.
You were level 5 with a maximum of 36 hit points when you died.

